 Dungeon Crawl Stone Soup version 0.26-a0-708-g17f3b190f9 (webtiles) character file.

Game seed: 10453170179306733337

91 vt the Skirmisher (level 4, -2/39 HPs)
             Began as a Human Delver on Oct 27, 2020.
             Slain by a river rat (5 damage)
             ... on level 7 of the Dungeon.
             The game lasted 00:06:11 (434 turns).

vt the Skirmisher (Human Delver)                     Turns: 434, Time: 00:06:11

Health: -2/39      AC:  3    Str: 13    XL:     4   Next: 87%
Magic:  4/4        EV: 12    Int: 13    God:
Gold:   59         SH:  0    Dex: 14    Spells: 3/3 levels left

rFire    . . .     SeeInvis .   a - +0 hand axe
rCold    . . .     Faith    .   (no shield)
rNeg     . . .     Spirit   .   b - +0 leather armour
rPois    +         Reflect  .   (no helmet)
rElec    .         Harm     .   (no cloak)
rCorr    .         Rampage  .   (no gloves)
MR       .....                  (no boots)
Stlth    +++.......             (no amulet)
HPRegen  0.13/turn              (no ring)
MPRegen  0.09/turn              (no ring)

@: hasted, very quick
A: clever 1, poison resistance
a: no special abilities


You were on level 7 of the Dungeon.
You visited 1 branch of the dungeon, and saw 5 of its levels.

You collected 59 gold pieces.

Inventory:

Hand Weapons
 a - a +0 hand axe (weapon)
Missiles
 l - 8 poisoned darts (quivered)
Armour
 b - a +0 leather armour (worn)
Magical Staves
 h - an uncursed staff of cold {!a, unknown}
   (You found it on level 8 of the Dungeon)
Wands
 d - a wand of polymorph (5)
   (You took it off Ijyb on level 5 of the Dungeon)
 g - a wand of digging (3)
Scrolls
 c - 2 scrolls of fog
 i - a scroll of random uselessness {unknown}
 j - a scroll of identify {unknown}
 k - a scroll of teleportation {unknown}


   Skills:
 - Level 5.1 Fighting
 + Level 2.1 Axes
 - Level 2.0 Dodging
 - Level 5.0 Stealth


You had 3 spell levels left.
You didn't know any spells.
Your spell library was empty.

Dungeon Overview and Level Annotations

Branches:
Dungeon (8/15)
 Temple: D:4-7         Lair: D:8-11

Altars:
Gozag
Makhleb

Annotations:
D:5 exclusion: scorpion


Innate Abilities, Weirdness & Mutations

Your mind is acute. (Int +2)
Your system is resistant to poisons. (rPois)


Message History

Found a stone staircase leading down.
You now have 45 gold pieces (gained 16).
You now have 59 gold pieces (gained 14).
You see here a thin jewelled staff {!a}.
h - a thin jewelled staff {!a} A shadow imp comes into view.
You are too injured to fight recklessly!
The helpless shadow imp fails to defend itself.
You slash the shadow imp!
The shadow imp is severely wounded.
The shadow imp misses you.
You hit the shadow imp.
You kill the shadow imp!
Found a stone staircase leading up.
You climb upwards.
Found a hand axe.
Found a stone staircase leading up.
You see here 9 poisoned darts.
l - 9 poisoned darts You climb upwards. 2 orcs and a skeleton come into view.
The orc shouts! x2; You hear a shout!
You hear a bark!
You hear a shout!
You barely miss the adder skeleton.
The adder skeleton bites you but does no damage.
An orc wizard comes into view. It is wielding a +0 dagger.
You hit the adder skeleton.
The adder skeleton is lightly damaged.
A jackal comes into view.
The adder skeleton bites you. The adder skeleton misses you.
The orc hits you with a +0 short sword.
You climb downwards.
You are too injured to fight recklessly!
Your leather armour prevents you from hitting the orc.
The orc hits you but does no damage.
You slash the orc!
You kill the orc!
You climb upwards.
The orc shouts!
A jackal comes into view.
The jackal barks!
The adder skeleton bites you. The orc barely misses you.
The orc hits you with a +0 short sword. The adder skeleton closely misses you.
The jackal completely misses you. The orc hits you with a +0 dagger.
The orc hits you with a +0 short sword. The jackal bites you.
The adder skeleton bites you.
* * * LOW HITPOINT WARNING * * *
You climb downwards.
Press: ? - help, v - describe, . - travel
Here: an orc, wielding a +0 short sword, wearing a +0 leather armour and wearing a +0 tower shield The floor.
You hit the orc.
The orc is severely wounded.
You hit the jackal. You hit the orc. The jackal barely misses you.
The orc hits you with a +0 dagger.
* * * LOW HITPOINT WARNING * * *
The orc hits you with a +0 short sword!
* * * LOW HITPOINT WARNING * * *
The jackal closely misses you. The orc hits you but does no damage.
Okay, then.
As you read the scroll of fear, it crumbles to dust.
You assume a fearsome visage.
The orc looks frightened!
The jackal looks frightened!
The orc looks frightened!
Evoke which item? (* to show all) (? for menu, Esc to quit)
Okay, then.
Okay, then.
Fire/throw which item? (* to show all) (? for menu, Esc to quit)
Throwing (i - inventory)
l - 9 poisoned darts (quivered)
Press: ? - help, Shift-Dir - straight line, f - orc
Aim: an orc, wielding a +0 dagger (heavily wounded, fleeing)
You throw a poisoned dart. The poisoned dart hits the orc.
The orc is poisoned.
Your attack snaps the orc out of its fear.
The orc is heavily wounded.
Evoke which item? (* to show all) (? for menu, Esc to quit)
Press: ? - help, Shift-Dir - straight line, f - orc, p - orc
Aim: an orc, wielding a +0 short sword, wearing a +0 leather armour and wearing a +0 tower shield (heavily wounded, fleeing, chance to defeat MR: 63%)
Your attack snaps the orc out of its fear.
The orc resists with significant effort.
Evoke which item? (* to show all) (? for menu, Esc to quit)
Aiming: Polymorph
Press: ? - help, Shift-Dir - straight line, f/p - orc
Aim: an orc, wielding a +0 short sword, wearing a +0 leather armour and wearing a +0 tower shield (moderately wounded, chance to defeat MR: 63%)
The orc evaporates and reforms as a river rat!
The orc closely misses you.
You barely miss the orc.
The orc is heavily wounded.
The orc hits you with a +0 dagger.
* * * LOW HITPOINT WARNING * * *
You closely miss the orc.
The orc is heavily wounded.
You hit the river rat but do no damage. The orc hits you with a +0 dagger.
* * * LOW HITPOINT WARNING * * *
The river rat closely misses you.
Press: ? - help, v - describe, . - travel
Here: a river rat The floor.
You kill the orc!
Okay, then.
Okay, then.
Okay, then.
You feel yourself speed up. The river rat bites you.
You die...

░░......░.......░░░
░░.................░
░......(...........░
░..................░░░
░...>.....)........$..
░.........<..).....░
░.......)........░.░
░░........░░░░░░░░
░.....@r.░
░.............░
░......)...░░..
░..........░
░..........░
░..........░
░░........░░
░░......░░


You could see a river rat.

Vanquished Creatures
  Ijyb (D:5)
  A worker ant (D:5)
  A hound zombie (D:5)
  An adder (D:5)
  A shadow imp (D:8)
  An adder zombie (D:5)
  A leopard gecko (D:5)
  2 orcs (D:7)
  A quokka skeleton (D:5)
10 creatures vanquished.

Vanquished Creatures (others)
  6 fungi (D:8)
  6 plants (D:8)
12 creatures vanquished.

Grand Total: 22 creatures vanquished

Notes
Turn   | Place    | Note
-------+----------+-------------------------------------------
     0 | D:5      | vt the Human Delver began the quest for the Orb.
     0 | D:5      | Reached XP level 1. HP: 18/18 MP: 1/1
    47 | D:5      | Noticed a worker ant
    57 | D:5      | Noticed Ijyb
    69 | D:5      | Gained mutation: Your system is resistant to poisons.
                  | (rPois) [potion of mutation]
    69 | D:5      | Gained mutation: Your mind is acute. (Int +2) [potion of
                  | mutation]
    73 | D:5      | Reached XP level 2. HP: 15/24 MP: 2/2
    89 | D:5      | HP: 2/25 [Ijyb/+6 club (7)]
    92 | D:5      | Killed Ijyb
    92 | D:5      | Reached skill level 4 in Fighting
    92 | D:5      | Reached XP level 3. HP: 3/31 MP: 3/3
   171 | D:5      | Noticed a scorpion
   210 | D:5      | Found a burning altar of Makhleb.
   288 | D:5      | Noticed a scorpion
   288 | D:5      | Noticed a centaur
   296 | D:5      | Reached XP level 4. HP: 25/38 MP: 4/4
   315 | D:5      | Reached skill level 5 in Fighting
   325 | D:5      | You fall into a shaft and drop 3 floors!
   325 | D:8      | Found an opulent altar of Gozag.
   421 | D:6      | Noticed a centaur
   423 | D:7      | HP: 8/39 [orc/+0 short sword (7)]
   429 | D:7      | HP: 7/39 [orc/+0 dagger (2)]
   430 | D:7      | HP: 2/39 [orc/+0 dagger (5)]
   434 | D:7      | Slain by a river rat

Illustrated notes

Levels and vault maps discovered:
D:4:      layout_rooms, serial_shops, shop, cheibrodos_sewer_entry_sluice
D:5:      minmay_opposing_rooms, layout_loops_ring,
          lemuel_coloured_pillars_altar, minmay_ogre_servants, uniq_ijyb
D:6:      layout_loops_ring, nicolae_tso_besieged_by_evil
D:7:      layout_rooms, temple_hall, serial_shops, kennysheep_little_box,
          okawaru_metal_pillars_3, uniq_maggie
D:8:      layout_loops_ring, grunt_gozag_statues, old_standard_altar,
          grunt_lair_entry_orc_guard_hut, uniq_pikel

Skill      XL: |  1  2  3  4 |
---------------+-------------+-----
Fighting       | 4 5 |  5.1
Axes           | |  2.1
Dodging        | |  2.0
Stealth        | |  5.0

Action                   |  1- 3 |  4- 6 || total
-------------------------+-------+-------++-------
Melee: Hand axe          |    27 |    18 ||    45
       Unarmed           |     3 |       ||     3
Throw: Dart              |       |     1 ||     1
Evoke: Wand              |       |     2 ||     2
  Use: Potion            |     3 |     1 ||     4
       Scroll            |     1 |     1 ||     2
 Stab: Sleeping          |       |     1 ||     1
Armor: Leather armour    |     5 |     3 ||     8
Dodge: Dodged            |    24 |    16 ||    40

Table legend: (Time is in decaauts)
 A = Elapsed time spent in this place.
 B = Non-inter-level travel time spent in this place.
 C = Inter-level travel time spent in this place.
 D = Time resting spent in this place.
 E = Time spent auto-exploring this place.
 F = Levels seen in this place.
 G = Mean time per level.
                   A        B        C        D        E       F      G
               +--------+--------+--------+--------+--------+-----+--------+
         Total |    464 |    464 |      0 |      0 |      0 |   5 |   92.8 |
       Dungeon |    464 |    464 |      0 |      0 |      0 |   5 |   92.8 |
               +--------+--------+--------+--------+--------+-----+--------+

Top non-repeatable levels by time:
     D:5: 351 daAuts
     D:8: 70 daAuts
     D:7: 34 daAuts
     D:6: 6 daAuts
     D:4: 1 daAuts

Table legend:
 A = Kills in this place as a percentage of kills in entire the game.
 B = Kills by you in this place as a percentage of kills by you in the entire game.
 C = Kills by friends in this place as a percentage of kills by friends in the entire game.
 D = Other kills in this place as a percentage of other kills in the entire game.
 E = Experience gained in this place as a percentage of experience gained in the entire game.
 F = Experience gained in this place divided by the number of levels of this place that you have seen.
                   A       B       C       D       E      F
               +-------+-------+-------+-------+-------+----------------------
         Total | 100.0 | 100.0 |   N/A |   N/A | 100.0 |  26.0
       Dungeon | 100.0 | 100.0 |   N/A |   N/A | 100.0 |  26.0
               +-------+-------+-------+-------+-------+----------------------
